 Dungeon Crawl Stone Soup version 0.31.0-11-ge490571c62 (webtiles) character file.

Game seed: 12500653305873822967

109 emikaela the Poker (level 4, -5/34 (38) HPs)
             Began as a Gnoll Reaver on Feb 2, 2024.
             Was an Initiate of Cheibriados.
             Slain by a wight
             ... wielding a +0 dire flail
              (14 damage)
             ... on level 2 of the Dungeon.
             The game lasted 00:08:38 (2449 turns).

emikaela the Poker (Gnoll Reaver)                   Turns: 2449, Time: 00:08:38

HP:   -5/34 (38)    AC:  5    Str: 14    XL:     4   Next: 89%
MP:   11/11         EV: 12    Int: 13    God:    Cheibriados [......]
Gold: 108           SH:  4    Dex: 12    Spells: 5/13 levels left

rFire   . . .        a - +0 spear
rCold   . . .        h - +0 buckler
rNeg    . . .        b - +0 leather armour
rPois   .            f - +0 helmet
rElec   .            (no cloak)
rCorr   .            o - +0 pair of gloves
SInv    .            (no boots)
Will    .....        (no amulet)
Stlth   +            (no ring)
HPRegen 0.25/turn    (no ring)
MPRegen 0.12/turn

%: no passive effects
@: heavily drained, slow
A: fangs 1, strong nose, distributed training
a: Renounce Religion


You were on level 2 of the Dungeon.
You worshipped Cheibriados.
Cheibriados was noncommittal.
You visited 1 branch of the dungeon, and saw 3 of its levels.

You collected 108 gold pieces.

Inventory:

Hand Weapons
 a - a +0 spear (weapon)
Missiles
 i - 3 datura-tipped darts
 j - 9 poisoned darts
 s - 20 stones (quivered)
Armour
 b - a +0 leather armour (worn)
 f - a +0 helmet (worn)
 h - a +0 buckler (worn)
 o - a +0 pair of gloves (worn)
Magical Staves
 m - a staff of death
Jewellery
 p - a ring of fire
Scrolls
 d - a scroll of enchant armour {unknown}
 g - 2 scrolls of fog
 q - a scroll of teleportation {unknown}
 v - a scroll of vulnerability {!r}
Potions
 c - a potion of cancellation {unknown}
 k - a potion of magic {unknown}
 n - 2 potions of resistance


   Skills:
 + Level 4.7 Fighting
 + Level 1.3 Short Blades
 + Level 1.3 Long Blades
 + Level 1.3 Axes
 + Level 1.3 Maces & Flails
 + Level 6.6 Polearms
 + Level 1.3 Staves
 + Level 1.3 Ranged Weapons
 + Level 1.3 Throwing
 + Level 1.3 Armour
 + Level 4.7 Dodging
 + Level 1.3 Stealth
 + Level 1.3 Shields
 + Level 1.3 Unarmed Combat
 + Level 5.1 Spellcasting
 + Level 5.5 Conjurations
 + Level 1.0 Hexes
 + Level 1.0 Summonings
 + Level 1.0 Necromancy
 + Level 1.0 Translocations
 + Level 1.0 Fire Magic
 + Level 1.0 Ice Magic
 + Level 1.0 Air Magic
 + Level 1.0 Earth Magic
 + Level 1.0 Alchemy
 + Level 1.4 Invocations
 + Level 1.3 Evocations
 + Level 1.2 Shapeshifting


You had 5 spell levels left.
You knew the following spells:

 Your Spells              Type           Power      Damage    Failure   Level
a - Magic Dart            Conj           68%        1d6       3%          1
b - Momentum Strike       Conj/Tloc      22%        3d8       12%         2
c - Call Imp              Summ           12%        N/A       30%         2
d - Kiss of Death         Conj/Necr      44%        2d8       9%          1
l - Blink                 Tloc           12%        N/A       30%         2

Your spell library contained the following spells:

 Spells                   Type           Power      Damage    Failure   Level
 Hailstorm                Conj/Ice       11%        3d6       24%         3
 Inner Flame              Hex/Fire       6%         N/A       52%         3
 Flame Wave               Conj/Fire      11%        2d6       63%         4
 Sticky Flame             Fire/Alch      6%         2d4       90%         4


Dungeon Overview and Level Annotations

Branches:
Dungeon (3/15)

Altars:
Cheibriados


Innate Abilities, Weirdness & Mutations

You have very sharp teeth.
Your uncanny sense of smell can sniff out nearby items.
Your experience applies equally to all skills.


Message History

Okay, then.
Casting: Magic Dart (safe; 3% risk of failure)
Confirm with . or Enter, or press ? or * to list all spells.
Okay, then.
You aren't carrying any items that you can evoke.
The wight attacks as it pursues you! The wight barely misses you.
The wight attacks as it pursues you!
The wight hits you with a +0 dire flail!
The wight attacks as it pursues you! The wight completely misses you.
The wight hits you with a +0 dire flail!
You feel drained.
The wight hits you with a +0 dire flail.
The wight attacks as it pursues you! The wight misses you.
There is a stone staircase leading down here.
The wight attacks as it pursues you! The wight misses you.
The wight misses you. The wight attacks as it pursues you!
The wight hits you from afar with a +4 halberd!
* * * LOW HITPOINT WARNING * * *
You feel much better. You block the wight's attack.
The wight hits you from afar with a +4 halberd!
The wight attacks as it pursues you! The wight completely misses you.
The wight attacks as it pursues you!
The wight hits you with a +0 dire flail!
You feel drained. The wight closely misses you.
The wight attacks as it pursues you! The wight barely misses you.
You block the wight's attack. The wight attacks as it pursues you!
The wight closely misses you.
There is a stone staircase leading up here.
The wight barely misses you.
The wight hits you from afar with a +4 halberd!
* * * LOW HITPOINT WARNING * * *
You feel drained.
* * * LOW HITPOINT WARNING * * *
You climb upwards.
There is a stone staircase leading down here.
Okay, then.
You feel better.
The wight hits you with a +0 dire flail!
You die...

#####.#.................#
# #.......###...###..## #
###..........## #..#
#######.#...###..# #..#
###### ...........## #..#
#..# #..... #######.####
#..# #..#####.#### #.#
#..# #........# #.# #..#
#.######## #.#######.@#
#.# #......##.z####.#
#.....รท...>.....#
#########)####### ####
#.# #...
#.##############.##
#................#
##################


You could see a wight.

Vanquished Creatures
  A jelly (D:2)
  An orc priest (D:2)
  A dart slug (D:1)
  3 ribbon worms
  4 endoplasms
  2 goblins (D:3)
  3 hobgoblins (D:1)
  3 jackals (D:1)
  6 kobolds
  6 ball pythons
  3 bats
  2 frilled lizards
  3 rats (D:2)
38 creatures vanquished.

Notes
Turn   | Place    | Note
-------+----------+-------------------------------------------
     0 | D:1      | emikaela the Gnoll Reaver began the quest for the Orb.
     0 | D:1      | Reached XP level 1. HP: 20/20 MP: 6/6
   196 | D:1      | Reached XP level 2. HP: 24/26 MP: 7/7
   199 | D:1      | Learned a level 2 spell: Momentum Strike
  1057 | D:2      | Reached skill level 5 in Spellcasting
  1057 | D:2      | Reached XP level 3. HP: 31/31 MP: 7/9
  1064 | D:2      | Reached skill level 1 in Short Blades
  1064 | D:2      | Reached skill level 1 in Long Blades
  1064 | D:2      | Reached skill level 1 in Axes
  1064 | D:2      | Reached skill level 1 in Maces & Flails
  1064 | D:2      | Reached skill level 1 in Staves
  1064 | D:2      | Reached skill level 1 in Ranged Weapons
  1064 | D:2      | Reached skill level 1 in Throwing
  1064 | D:2      | Reached skill level 1 in Armour
  1064 | D:2      | Reached skill level 1 in Stealth
  1064 | D:2      | Reached skill level 1 in Shields
  1064 | D:2      | Reached skill level 1 in Unarmed Combat
  1064 | D:2      | Reached skill level 1 in Invocations
  1064 | D:2      | Reached skill level 1 in Evocations
  1114 | D:2      | Reached skill level 1 in Shapeshifting
  1114 | D:2      | Reached XP level 4. HP: 35/38 MP: 11/11
  1311 | D:2      | Learned a level 1 spell: Magic Dart
  1314 | D:2      | Learned a level 2 spell: Blink
  1317 | D:2      | Learned a level 2 spell: Call Imp
  1469 | D:2      | Found a faded altar of an unknown god.
  1876 | D:2      | Reached skill level 1 in Hexes
  1876 | D:2      | Reached skill level 1 in Summonings
  1876 | D:2      | Reached skill level 1 in Necromancy
  1876 | D:2      | Reached skill level 1 in Translocations
  1876 | D:2      | Reached skill level 1 in Fire Magic
  1876 | D:2      | Reached skill level 1 in Ice Magic
  1876 | D:2      | Reached skill level 1 in Air Magic
  1876 | D:2      | Reached skill level 1 in Earth Magic
  1876 | D:2      | Reached skill level 1 in Alchemy
  2256 | D:3      | Found a snail-covered altar of Cheibriados.
  2264 | D:3      | Became a worshipper of Cheibriados the Contemplative
  2449 | D:2      | Slain by a wight

Illustrated notes

Levels and vault maps discovered:
D:1:      dpeg_arrival_houses_and_road, layout_loops_corners,
          grunt_decor_clamped
D:2:      layout_loops_ring, hellmonk_ecumenical_altar_crossroads,
          grunt_decor_resistance
D:3:      layout_basic, slow_altar_1

Skill      XL: |  1  2  3  4 |
---------------+-------------+-----
Spellcasting   | 5 |  5.1
Short Blades   | 1 |  1.3
Long Blades    | 1 |  1.3
Axes           | 1 |  1.3
Maces & Flails | 1 |  1.3
Staves         | 1 |  1.3
Ranged Weapons | 1 |  1.3
Throwing       | 1 |  1.3
Armour         | 1 |  1.3
Stealth        | 1 |  1.3
Shields        | 1 |  1.3
Unarmed Combat | 1 |  1.3
Invocations    | 1 |  1.4
Evocations     | 1 |  1.3
Shapeshifting  | 1 |  1.2
Hexes          | 1 |  1.0
Summonings     | 1 |  1.0
Necromancy     | 1 |  1.0
Translocations | 1 |  1.0
Fire Magic     | 1 |  1.0
Ice Magic      | 1 |  1.0
Air Magic      | 1 |  1.0
Earth Magic    | 1 |  1.0
Alchemy        | 1 |  1.0
Fighting       | |  4.7
Polearms       | |  6.6
Dodging        | |  4.7
Conjurations   | |  5.5

Action                     |  1- 3 |  4- 6 || total
---------------------------+-------+-------++-------
  Melee: Spear             |    82 |    43 ||   125
         Bite              |     5 |     2 ||     7
   Cast: Magic Dart        |       |    12 ||    12
    Use: Scroll            |     4 |     1 ||     5
         Potion            |       |     2 ||     2
   Stab: Sleeping          |     2 |     1 ||     3
 Armour: Leather armour    |    17 |    15 ||    32
  Dodge: Dodged            |    22 |    21 ||    43
  Block: Buckler           |     4 |     4 ||     8
